 Dungeon Crawl Stone Soup version 0.25-a0-743-g84dc20635f (webtiles) character file.

Game seed: 11275740613506010042, levelgen mode: deterministic

841 Astera the Shield-Bearer (level 8, -13/42 HPs)
             Began as a Vine Stalker Fighter on Apr 12, 2020.
             Was a Believer of the Shining One.
             Mangled by an ogre
             ... wielding a +0 giant club
              (17 damage)
             ... on level 5 of the Dungeon on Apr 13, 2020.
             The game lasted 00:19:27 (4274 turns).

Astera the Shield-Bearer (Vine Stalker Fighter)     Turns: 4274, Time: 00:19:27

Health: -13/42     AC:  9    Str: 21    XL:     8   Next: 0%
Magic:  0/9        EV:  7    Int:  8    God:    the Shining One [**....]
Gold:   323        SH: 10    Dex: 14    Spells: 7/7 levels left

rFire    . . .     SeeInvis .   a - +0 long sword
rCold    . . .     Gourm    .   c - +0 kite shield
rNeg     + . .     Faith    .   b - +0 scale mail
rPois    .         Spirit   +   (no helmet)
rElec    .         Reflect  .   r - +0 cloak
rCorr    +         Harm     .   s - +0 pair of gloves
MR       +....                  (no boots)
Stlth    ..........             (no amulet)
HPRegen  0.54/turn              j - ring of resist corrosion
MPRegen  0.11/turn              (no ring)

@: mighty, starving, glowing
A: fangs 3, regeneration 1, magic shield, antimagic bite, no potion heal 3, rot
immunity
a: Divine Shield, Renounce Religion


You were on level 5 of the Dungeon.
You worshipped the Shining One.
The Shining One was pleased with you.
You were starving.

You visited 1 branch of the dungeon, and saw 6 of its levels.

You collected 323 gold pieces.

Inventory:

Hand Weapons
 a - a +0 long sword (weapon)
Missiles
 m - 28 poisoned darts (quivered)
Armour
 b - a +0 scale mail (worn)
 c - a +0 kite shield (worn)
 r - a +0 cloak (worn)
 s - a +0 pair of gloves (worn)
Jewellery
 j - a ring of resist corrosion (left hand)
Wands
 v - a wand of paralysis (12)
Scrolls
 e - 5 scrolls of remove curse
 g - a scroll of amnesia
 h - a scroll of random uselessness {unknown}
 l - 5 scrolls of identify {unknown}
 q - 5 scrolls of teleportation {unknown}
 t - a scroll of fear {unknown}
Potions
 d - a potion of might
 i - a potion of haste {unknown}
 k - a potion of mutation {unknown}
 n - 3 potions of degeneration {unknown}
 o - a potion of lignification {unknown}
 p - 3 potions of curing {unknown}
 u - a potion of resistance {unknown}
 w - 4 potions of heal wounds {unknown}
Comestibles
 f - 12 rations


   Skills:
 + Level 4.7 Fighting
 + Level 4.2 Long Blades
 + Level 4.3 Armour
 - Level 0.7 Stealth
 + Level 4.8 Shields


You had 7 spell levels left.
You didn't know any spells.
Your spell library contained the following spells:

 Spells                   Type           Power        Failure   Level  Hunger
 Magic Dart               Conj           #...         99%         1    ##.....
 Shock                    Conj/Air       #...         99%         1    ##.....
 Searing Ray              Conj           #.....       100%        2    ###....
 Swiftness                Chrm/Air       #.......     100%        2    ###....
 Dazzling Flash           Conj/Hex       #.....       100%        3    ####...
 Static Discharge         Conj/Air       #.......     100%        3    ####...
 Airstrike                Air            #.........   100%        4    #####..
 Fulminant Prism          Conj/Hex       #.........   100%        4    #####..
 Iskenderun's Mystic Bla  Conj/Tloc      #.......     100%        4    #####..
 Lightning Bolt           Conj/Air       #.........   100%        5    ######.


Dungeon Overview and Level Annotations

Branches:
Dungeon (6/15)             Temple (0/1) D:6

Altars:
The Shining One

Annotations:
D:4 3 runed translucent doors, chipmonk's ghost, amateur MiFi


Innate Abilities, Weirdness & Mutations

You have razor-sharp teeth.
Your natural rate of healing is unusually fast.
When hurt, damage is shared between your health and your magic reserves.
Your bite disrupts and absorbs the magic of your enemies.
Potions cannot restore your health.
You are immune to rotting.


Message History

You block the adder's attack.
There is a stone staircase leading up here.
You block the ogre's attack. You block the adder's attack.
You climb upwards.
There is a stone staircase leading down here.
You barely miss the adder. You bite the adder, but do no damage.
The adder bites you but does no damage. The ogre hits you with a +0 giant club!
* * * LOW HITPOINT WARNING * * *
The adder bites you but does no damage.
Throwing (i - inventory)
m - 28 poisoned darts (quivered)
Press: ? - help, Shift-Dir - straight line, f - adder
Aim: an adder (haloed)
Okay, then.
You feel very mighty all of a sudden. The adder barely misses you.
The ogre hits you but does no damage.
You slash the adder! Your bite misses the adder.
The adder is almost dead.
The adder closely misses you.
The ogre hits you with a +0 giant club!!
You die...

#.# #.#######.# #.#
#.........# #.#
#######..## #.#
#..# #.# #..######
#.##### #........
#.....# ##.######
#####.###########.#
#.S@O.........#
###############


You could see an ogre and an adder.

Vanquished Creatures
  Prince Ribbit (D:6)
  An ice beast (D:5)
  A bullfrog (D:6)
  A scorpion (D:5)
  2 crimson imps (D:5)
  A hound (D:5)
  A centaur skeleton (D:4)
  3 orc wizards
  3 worker ants
  A killer bee zombie (D:2)
  A hound zombie (D:5)
  A hound skeleton (D:5)
  3 adders
  A shadow imp (D:6)
  A white imp (D:5)
  An adder skeleton (D:5)
  2 worms (D:2)
  2 dart slugs
  4 leopard geckos
  10 orcs
  5 giant cockroaches
  7 goblins
  5 hobgoblins
  2 jackals (D:3)
  2 ball pythons
  3 bats (D:2)
  6 frilled lizards
  A giant cockroach zombie (D:5)
  10 kobolds
  A quokka skeleton (D:5)
  7 rats
90 creatures vanquished.

Notes
Turn   | Place    | Note
-------+----------+-------------------------------------------
     0 | D:1      | Astera the Vine Stalker Fighter began the quest for the
                  | Orb.
     0 | D:1      | Reached XP level 1. HP: 11/11 MP: 2/2
   116 | D:1      | Found a glowing golden altar of the Shining One.
   155 | D:1      | Became a worshipper of the Shining One
   175 | D:1      | Reached XP level 2. HP: 16/16 MP: 1/3
   950 | D:1      | Reached XP level 3. HP: 18/20 MP: 4/4
  1280 | D:2      | HP: 1/20 [killer bee zombie (2)]
  1283 | D:2      | Gained mutation: Your natural rate of healing is unusually
                  | fast. [Vine Stalker growth]
  1283 | D:2      | Reached XP level 4. HP: 2/24 MP: 3/5
  1870 | D:3      | Upgraded the game from 0.25-a0-737-g26c3a87c45 to
                  | 0.25-a0-743-g84dc20635f
  1964 | D:3      | Reached XP level 5. HP: 28/28 MP: 6/6
  2431 | D:4      | Reached * piety under the Shining One
  2644 | D:4      | Reached XP level 6. HP: 30/33 MP: 7/7
  2673 | D:4      | Found a runed translucent gate.
  2673 | D:4      | Found a runed translucent gate.
  2673 | D:4      | Found a runed translucent gate.
  2674 | D:4      | Noticed chipmonk's ghost (amateur MiFi)
  3071 | D:5      | Entered Level 5 of the Dungeon
  3452 | D:5      | Noticed an ice beast
  3695 | D:5      | Killed an ice beast
  3695 | D:5      | Reached XP level 7. HP: 28/37 MP: 8/8
  4012 | D:5      | Reached ** piety under the Shining One
  4095 | D:6      | Noticed Prince Ribbit
  4213 | D:6      | Killed Prince Ribbit
  4251 | D:6      | Found a staircase to the Ecumenical Temple.
  4262 | D:6      | Gained mutation: You have razor-sharp teeth. [Vine Stalker
                  | growth]
  4262 | D:6      | Reached XP level 8. HP: 40/42 MP: 9/9
  4274 | D:5      | Mangled by an ogre

Levels and vault maps discovered:
D:1:      dpeg_arrival_leaves_temple_mockup, layout_loops_ring, serial_bayou,
          serial_bayou_shore_b, serial_bayou_shore_b, serial_bayou_lake_a,
          serial_bayou_pond_e, serial_bayou_shore_b, tso_metal_star
D:2:      layout_loops_cross, eino_tiny_chamber, kennysheep_nub,
          kennysheep_generic_room_14
D:3:      layout_basic
D:4:      layout_basic, ebering_ghost_rock_garden, first_ration
D:5:      layout_loops_ring, minmay_fire_ice_demons
D:6:      layout_gridville, minmay_temple_entry_tees, minmay_misc_feat_x,
          uniq_prince_ribbit1, uniq_edmund

Skill      XL: |  1  2  3  4  5  6  7 |
---------------+----------------------+-----
Long Blades    | 2 3 4 |  4.2
Shields        | 3 4 |  4.8
Fighting       | 3 4 |  4.7
Armour         | 3 4 |  4.3
Stealth        | |  0.7

Action                   |  1- 3 |  4- 6 |  7- 9 || total
-------------------------+-------+-------+-------++-------
Melee: Long sword        |   103 |   148 |    37 ||   288
       Bite              |    32 |    48 |    11 ||    91
Throw: Dart              |     4 |     7 |     4 ||    15
  Use: Scroll            |       |     2 |       ||     2
       Potion            |       |       |     1 ||     1
  Eat: Chunk             |     1 |     8 |       ||     9
Armor: Scale mail        |    34 |    46 |    13 ||    93
Dodge: Dodged            |    40 |    58 |    10 ||   108
Block: Kite shield       |    61 |    67 |    18 ||   146
       Rpst.: Long sword |    15 |    17 |     1 ||    33

Table legend:
 A = Non-vault XP
 B = Vault XP
 C = Vault XP percentage of total XP
 D = Non-vault monster count
 E = Vault monster count
 F = Vault count percentage of total count
                 A         B        C        D         E       F
            +---------+---------+-------+---------+---------+-------
      Total |     882 |     320 |  26.6 |      87 |       3 |   3.3
            +---------+---------+-------+---------+---------+-------
        D:1 |      36 |       0 |   0.0 |      22 |       0 |   0.0
        D:2 |      90 |       0 |   0.0 |      26 |       0 |   0.0
        D:3 |      76 |       0 |   0.0 |      11 |       0 |   0.0
        D:4 |     134 |       0 |   0.0 |       8 |       0 |   0.0
        D:5 |     447 |      56 |  11.1 |      18 |       2 |  10.0
        D:6 |      99 |     264 |  72.7 |       2 |       1 |  33.3
            +---------+---------+-------+---------+---------+-------
